 Dungeon Crawl Stone Soup version 0.27.1-34-g3ba077fa99 (webtiles) character file.

Game seed: 6282337772802501801

2242 eliilek the Blocker (level 9, -11/70 HPs)
             Began as a Minotaur Fighter on Jan 13, 2022.
             Was an Elder of Wu Jian.
             Mangled by a boulder beetle (20 damage)
             ... on level 7 of the Dungeon on Jan 16, 2022.
             The game lasted 00:18:41 (6414 turns).

eliilek the Blocker (Minotaur Fighter)              Turns: 6414, Time: 00:18:41

Health: -11/70     AC: 13    Str: 21    XL:     9   Next: 14%
Magic:  8/8        EV:  7    Int:  5    God:    Wu Jian [****..]
Gold:   222        SH: 12    Dex: 13    Spells: 8/8 levels left

rFire    + . .     SeeInvis +   a - +0 flail
rCold    . . .     Faith    +   c - +0 kite shield
rNeg     . . .     Spirit   .   A - +0 chain mail
rPois    .         Reflect  .   (helmet restricted)
rElec    .         Harm     .   (no cloak)
rCorr    .         Rampage  .   p - +0 pair of gloves
Will     .....                  v - +0 pair of boots
Stlth    ..........             h - amulet of faith
HPRegen  0.21/turn              e - ring of protection from fire
MPRegen  0.11/turn              j - ring of see invisible

@: exhausted
A: horns 2, retaliatory headbutt
a: Renounce Religion, Wall Jump, Serpent's Lash


You were on level 7 of the Dungeon.
You worshipped Wu Jian.
Wu Jian was greatly pleased with you.
You visited 2 branches of the dungeon, and saw 8 of its levels.

You collected 222 gold pieces.

Inventory:

Hand Weapons
 a - a +0 flail (weapon)
Missiles
 g - 206 stones (quivered)
 q - 25 poisoned darts
Armour
 c - a +0 kite shield (worn)
 p - a +0 pair of gloves (worn)
 v - a +0 pair of boots (worn)
 A - a +0 chain mail (worn)
Jewellery
 e - a ring of protection from fire (left hand)
 h - an amulet of faith (around neck)
 j - a ring of see invisible (right hand)
Wands
 y - a wand of iceblast (8)
Scrolls
 f - 7 scrolls of identify
 i - a scroll of immolation {unknown}
 l - a scroll of teleportation {unknown}
 m - a scroll of fog {unknown}
 n - a scroll of magic mapping {unknown}
 o - a scroll of acquirement {unknown}
 r - a scroll of enchant weapon {unknown}
 x - a scroll of enchant armour {unknown}
Potions
 b - a potion of ambrosia {unknown}
 d - a potion of might
 k - 2 potions of lignification {unknown}
 s - a potion of cancellation {unknown}
 t - a potion of attraction {unknown}
 u - a potion of resistance {unknown}
 z - a potion of heal wounds {unknown}


   Skills:
 - Level 3.6 Fighting
 * Level 9.5 Maces & Flails
 + Level 7.4 Armour
 * Level 9.9 Shields


You had 8 spell levels left.
You didn't know any spells.
Your spell library contained the following spells:

 Spells                   Type           Power      Damage    Failure   Level
 Ensorcelled Hibernation  Hex/Ice        0%         N/A       100%        2
 Animate Dead             Necr           0%         N/A       100%        4
 Haunt                    Necr/Summ      0%         N/A       100%        7
 Infestation              Necr           0%         N/A       100%        8


Dungeon Overview and Level Annotations

Branches:
Dungeon (7/15)             Temple (1/1) D:6

Altars:
Fedhas
Hepliaklqana
Kikubaaqudgha
Vehumet
Wu Jian
Zin
The Shining One

Annotations:
D:1 exclusions: downstairs and 6 more exclusions


Innate Abilities, Weirdness & Mutations

You have a pair of horns on your head.
You reflexively headbutt those who attack you in melee.


Message History

You sock the black bear! Your headbutt misses the black bear.
The black bear is heavily wounded.
You block the black bear's attack. x2; The black bear claws you.
You hit the black bear.
The black bear is heavily wounded.
The black bear closely misses you. You furiously retaliate!
You headbutt the black bear, but do no damage.
The black bear claws you. You block the black bear's attack.
You hit the black bear. Your headbutt misses the black bear.
The black bear is severely wounded.
The boulder beetle curls into a ball and begins rolling!
You block the black bear's attack. The black bear barely misses you.
The black bear claws you.
You hit the black bear.
The black bear is almost dead.
The boulder beetle stops rolling and uncurls.
You block the black bear's attack. The black bear closely misses you.
You block the black bear's attack.
You hit the black bear. You headbutt the black bear.
You kill the black bear!
The Council accepts your kill.
The boulder beetle bites you but does no damage.
You hit the boulder beetle.
The boulder beetle is lightly wounded.
The boulder beetle bites you.
You hit the boulder beetle but do no damage.
You headbutt the boulder beetle.
The boulder beetle is lightly wounded.
The boulder beetle bites you!!
* * * LOW HITPOINT WARNING * * *
Your muscles tense, ready for explosive movement...
There is an open door here.
You lunge with incredible momentum at the boulder beetle.
You sock the boulder beetle!
The boulder beetle is moderately wounded.
Your supernatural speed expires.
You hit the boulder beetle but do no damage.
The boulder beetle is moderately wounded.
The boulder beetle bites you!!
You die...

#.####.## ... .
.##. # ##+#
#.##.## |.)#
...... #.|#
##### ###.
#JD#....+ #.
#B##### #.
##@..[# #...#
### #####○###
#####
#..##.##...# #
#.#..##.###.#
#######
+#.).#'.# #+
.......
#.#.#.#.#
.......
#..#†?##..
#######
#+#####'#####+#
#
...............
#


You could see a boulder beetle, an acid dragon and a jelly.

Vanquished Creatures
  A shadow (D:5)
  Eustachio (D:4)
  2 steam dragons (D:6)
  2 orc warriors
  A water moccasin (D:7)
  3 black bears
  An ogre (D:5)
  A centaur (D:6)
  2 phantoms
  A water moccasin zombie (D:6)
  A howler monkey (D:6)
  A bullfrog zombie (D:5)
  A centaur zombie (D:7)
  2 jellies (D:5)
  4 hounds
  An orc priest (D:6)
  A bullfrog skeleton (D:5)
  A centaur skeleton (D:5)
  A gnoll shaman (D:6)
  Jessica (D:2)
  3 iguanas
  An orc wizard (D:3)
  2 hound skeletons
  4 gnolls (D:6)
  7 adders
  A shadow imp (D:5)
  An adder zombie (D:5)
  An adder skeleton (D:5)
  3 worms
  7 orcs
  7 ball pythons
  10 bats
  7 endoplasms
  6 giant cockroaches
  7 goblins
  7 hobgoblins
  6 jackals
  5 quokkas
  5 frilled lizards
  15 kobolds
  5 rats
139 creatures vanquished.

Notes
Turn   | Place    | Note
-------+----------+-------------------------------------------
     0 | D:1      | eliilek the Minotaur Fighter began the quest for the Orb.
     0 | D:1      | Reached XP level 1. HP: 19/19 MP: 0/0
   180 | D:1      | Reached XP level 2. HP: 22/26 MP: 1/1
   617 | D:1      | Reached XP level 3. HP: 26/31 MP: 2/2
   692 | D:1      | Found a faded altar of an unknown god.
   698 | D:1      | Became a worshipper of the Wu Jian Council
   698 | D:1      | Reached * piety under Wu Jian
  1479 | D:2      | Reached XP level 4. HP: 38/39 MP: 3/3
  1760 | D:2      | Reached ** piety under Wu Jian
  1880 | D:2      | Noticed Jessica
  1886 | D:2      | Killed Jessica
  1887 | D:2      | Reached skill level 5 in Shields
  1890 | D:2      | Got Jessica's Almanac of the Oath
  2182 | D:3      | Reached XP level 5. HP: 40/45 MP: 4/4
  2607 | D:3      | Reached *** piety under Wu Jian
  3071 | D:4      | Reached skill level 5 in Maces & Flails
  3084 | D:4      | Noticed a black bear
  3275 | D:3      | Killed a black bear
  3276 | D:3      | Reached skill level 5 in Armour
  3276 | D:3      | Reached XP level 6. HP: 41/51 MP: 5/5
  3398 | D:4      | Noticed Eustachio
  3427 | D:4      | Killed Eustachio
  3790 | D:4      | Reached XP level 7. HP: 38/57 MP: 6/6
  4031 | D:5      | Entered Level 5 of the Dungeon
  4274 | D:5      | Found a radiant altar of Vehumet.
  4274 | D:5      | Found a hazy altar of Hepliaklqana.
  4274 | D:5      | Found a glowing golden altar of the Shining One.
  4276 | D:5      | Found a glowing silver altar of Zin.
  4380 | D:5      | Found a blossoming altar of Fedhas.
  4762 | D:5      | Noticed a shadow
  4777 | D:5      | Killed a shadow
  4778 | D:5      | Reached XP level 8. HP: 26/64 MP: 7/7
  5052 | D:5      | Reached **** piety under Wu Jian
  5779 | D:6      | Found a staircase to the Ecumenical Temple.
  5785 | D:6      | Found an ancient bone altar of Kikubaaqudgha.
  6302 | Temple   | Entered the Ecumenical Temple
  6351 | D:7      | Reached XP level 9. HP: 70/70 MP: 8/8
  6395 | D:7      | Noticed a gargoyle
  6395 | D:7      | Noticed a boulder beetle
  6414 | D:7      | Mangled by a boulder beetle

Illustrated notes

Levels and vault maps discovered:
D:1:      lemuel_arrival_lava_pool, layout_loops_cross,
          ebering_ecumenical_altar_sacrificial
D:2:      layout_basic, kennysheep_jessica_study
D:3:      layout_basic, minmay_starry_boxes, uniq_jessica
D:4:      minmay_angry_zag, layout_cave_pools, uniq_eustachio
D:5:      layout_loops_ring, chequers_temple_overflow_statue_of_worship,
          kennysheep_mini, minmay_misc_feat_tower, serial_bayou_lake_a
D:6:      layout_basic, overflow_temple_1_default,
          minmay_temple_entry_stoned_glass, uniq_pikel
D:7:      minmay_the_grid_square_5x5_3x3 [minmay_the_grid_square_5x5_slash,
          minmay_the_grid_square_5x5_corner, minmay_the_grid_square_5x5_c,
          minmay_the_grid_square_5x5_bridge,
          minmay_the_grid_square_5x5_megaprize_diamond,
          minmay_the_grid_square_5x5_three_small,
          minmay_the_grid_square_5x5_three,
          minmay_the_grid_square_5x5_spiral_small,
          minmay_the_grid_square_5x5_inner_z], layout_loops_ring,
          enter_bailey_5, hellmonk_ghost_happy_afterlife, minivault_10,
          minmay_misc_feat_encased, serial_park_tiny_1, grunt_ministairs_12
Temple:   nicolae_temple_elliptical

Skill      XL: |  1  2  3  4  5  6  7  8 |
---------------+-------------------------+-----
Shields        | 4 5 6 8 9 |  9.9
Maces & Flails | 3 4 5 6 7 9 |  9.5
Armour         | 4 5 6 7 |  7.4
Fighting       | |  3.6

Action                   |  1- 3 |  4- 6 |  7- 9 || total
-------------------------+-------+-------+-------++-------
Melee: Flail             |    81 |   171 |   194 ||   446
       Headbutt          |     6 |    24 |    55 ||    85
Invok: Lunge             |     2 |    15 |    14 ||    31
       Whirlwind         |       |     6 |       ||     6
       Serpent's Lash    |       |       |     1 ||     1
 Abil: Wall Jump         |       |     1 |       ||     1
  Use: Potion            |     1 |       |     1 ||     2
       Scroll            |     1 |       |       ||     1
Armor: Scale mail        |    41 |    63 |    33 ||   137
       Chain mail        |       |       |    43 ||    43
Dodge: Dodged            |    36 |    59 |    37 ||   132
Block: Kite shield       |    50 |   105 |    99 ||   254
